cohdb
Replays
Latest Replays
All Replays
Popular Replays
Top Player Replays
Match Explorer
How It Works
Community
CoH3 Stats
Reddit
Sign in to upload your games and track your stats! →
Sign in with Steam
Match 42947724
Unlisted
Match 42947724
Overview
Messages
Build Orders
End
Scout Squad
Construct Barracks
Riflemen Squad
Riflemen Squad
Riflemen Squad
Mechanized Support Center
Construct Medical Station
M1918 Browning Automatic Rifles
Selects Advanced Infantry Battlegroup
Selects Ammunition Storage
Construct Weapon Support Center
Bazooka Squad
Bazooka Squad
Grenade Package
Engineer Squad
Selects M2A1 105mm Howitzer Emplacement
Improved M9 Bazooka Rockets
.30 cal Machine Gun
Construct Tank Depot
Riflemen Squad
Bazooka Squad
Designate Forward Repair Station
Scout Squad
Selects 155mm Rapid Artillery Barrage
Selects Convert to Ranger Squad
Selects Frontline Medical Station
Selects Infantry Assault
Infantry Assault
開信刀
Granger
Devin
eZZzZ
Seneca
simranjitsingh713
0
0
Comments
sign in to comment!
No comments posted yet!